 Dungeon Crawl Stone Soup version 0.31-a0-771-g505c3d19dc (webtiles) character file.

Game seed: 8363474919275144780

898 Zonian the Covered (level 7, -4/96 HPs)
             Began as an Armataur Fighter on Sept 16, 2023.
             Was an Initiate of Yredelemnul.
             Slain by an iguana (10 damage)
             ... on level 6 of the Dungeon.
             The game lasted 00:09:36 (5371 turns).

Zonian the Covered (Armataur Fighter)               Turns: 5371, Time: 00:09:37

Health: -4/96      AC: 23    Str: 23    XL:     7   Next: 79%
Magic:  8/8        EV:  1    Int:  9    God:    Yredelemnul [......]
Gold:   192        SH:  0    Dex:  9    Spells: 6/6 levels left

rFire   . . .        a - +0 long sword
rCold   . . .        c - +0 buckler
rNeg    + . .        b - melded +0 scale mail
rPois   +            (helmet currently unavailable)
rElec   .            (cloak currently unavailable)
rCorr   .            (gloves currently unavailable)
SInv    .            (no barding)
Will    .....        (no amulet)
Stlth   +            n - ring of positive energy
HPRegen 0.36/turn    (no ring)
MPRegen 0.11/turn

%: roll
@: confused, lethally poisoned (-4 -> -6), tree-form, ambrosia-drunk, invisible
A: stationary, stasis, torment immunity, boosted hp, large, rugged brown scales
3, (deformed body), (armoured tail), roll, long tongue, awkward tongue
a: Renounce Religion, Recall Undead Harvest


You were on level 6 of the Dungeon.
You worshipped Yredelemnul.
Yredelemnul was noncommittal.
You were a tree.
You visited 1 branch of the dungeon, and saw 6 of its levels.

You collected 192 gold pieces.

Inventory:

Hand Weapons
 a - a +0 long sword (weapon)
 j - a +0 mace of protection
 r - a +0 falchion
Armour
 b - a +0 scale mail (melded)
 c - a +0 buckler (worn)
Jewellery
 n - a ring of positive energy (left branch)
Wands
 p - a wand of iceblast (13)
Scrolls
 e - 5 scrolls of fog
 k - a scroll of poison
 l - 2 scrolls of fear
 m - a scroll of amnesia {unknown}
 o - a scroll of revelation {unknown}
 q - 2 scrolls of blinking {unknown}
Potions
 d - 4 potions of might
 g - a potion of brilliance
 i - a potion of invisibility
 s - a potion of haste {unknown}


   Skills:
 + Level 4.8 Fighting
 + Level 4.3 Long Blades
 + Level 6.4 Armour
 - Level 5.1 Shields
 + Level 2.1 Invocations


You had 6 spell levels left.
You didn't know any spells.
Your spell library contained the following spells:

 Spells                   Type           Power      Damage    Failure   Level
 Olgreb's Toxic Radiance  Pois           0%         N/A       99%         4
 Discord                  Hex            0%         N/A       100%        8
 Ignition                 Fire           0%         3d3       100%        8


Dungeon Overview and Level Annotations

Branches:
Dungeon (6/15)             Temple (0/1) D:4

Altars:
Cheibriados
Ru
Yredelemnul


Innate Abilities, Weirdness & Mutations

You are a tree.
Your roots penetrate the ground, keeping you stationary.
You cannot be teleported.
You are immune to unholy pain and torment.
Your maximum health is greatly increased.
Your equipment is partially melded.
(You are completely covered in rugged brown scales. (AC +3, +7% HP))
((Armour fits poorly on your strangely shaped body.))
((You have a long armoured tail.))
You roll when moving toward enemies. (Rampage)
Your long tongue fully drains potion bottles. (2x potion effects)
Your tongue gives you trouble enunciating. (1.5x scroll delay)


Message History

You fall asleep.
The scorpion stings you!
You wake up.
* * * LOW HITPOINT WARNING * * *
Unknown command.
You turn into a tree.
Your +0 scale mail melds into your body.
Your roots penetrate the ground.
You slurp down every last drop of the potion of lignification!
The iguana bites you but does no damage.
The sleepcap releases spores at you.
* * * LOW HITPOINT WARNING * * *
The scorpion stings you.
* * * LOW HITPOINT WARNING * * *
You are poisoned.
The scorpion poisons you!
Unknown command.
You fade into invisibility!
You slurp down every last drop of the potion of invisibility!
You feel sick.
The scorpion stings you but does no damage.
The iguana bites you but does no damage.
The sleepcap releases spores at you but does no damage.
You hit the scorpion but do no damage.
The scorpion is moderately wounded.
You feel sick.
The scorpion stings you but does no damage.
The iguana bites you but does no damage.
The sleepcap releases spores at you but does no damage.
The scorpion stings you.
* * * LOW HITPOINT WARNING * * *
The iguana bites you!
* * * LOW HITPOINT WARNING * * *
You are confused.
You feel invigorated.
You slurp down every last drop of the potion of ambrosia!
You feel sick.
The scorpion stings you but does no damage.
The iguana bites you!
You die...
Your body rises from the dead as a mindless zombie.

###########
..#$#.#.#.#.##
#...........#
##.#.#.#.#f##
#....<..?.s♣#
...#.#.#.#.#l##
...........
#.#.#.#.#.#.#
.............#
###.#.#.#.#.#.#
..... ....#
#.#.# #.#.


You could see a sleepcap (unable to see you), a scorpion (unable to see you) and
an iguana (unable to see you).

Vanquished Creatures
  A water moccasin (D:4)
  3 scorpions (D:5)
  A hound (D:5)
  An iron imp (D:3)
  Jessica (D:3)
  3 iguanas
  An orc wizard (D:5)
  5 adders
  A worm (D:2)
  A dart slug (D:4)
  4 orcs
  3 endoplasms
  2 giant cockroaches
  3 goblins
  5 hobgoblins
  8 jackals
  A quokka (D:3)
  4 ball pythons
  6 bats
  2 frilled lizards
  4 kobolds
  A rat (D:1)
61 creatures vanquished.

Vanquished Creatures (collateral kills)
  Grinder (D:3)
  An ogre (D:5)
  A sleepcap (D:4)
  An endoplasm (D:2)
  2 goblins
  A hobgoblin (D:3)
  A ball python (D:2)
  A frilled lizard (D:2)
  A kobold (D:2)
  A rat (D:2)
11 creatures vanquished.

Vanquished Creatures (others)
  An iguana zombie (D:4)
  A ball python zombie (D:2)
  A dart slug zombie (D:4)
  A jackal zombie (D:5)
  2 orc zombies (D:5)
6 creatures vanquished.

Grand Total: 78 creatures vanquished

Notes
Turn   | Place    | Note
-------+----------+-------------------------------------------
     0 | D:1      | Zonian the Armataur Fighter began the quest for the Orb.
     0 | D:1      | Reached XP level 1. HP: 19/19 MP: 1/1
   226 | D:1      | Reached XP level 2. HP: 26/26 MP: 2/2
   668 | D:2      | Found a faded altar of an unknown god.
   771 | D:2      | Prayed at the altar of an unknown god.
   771 | D:2      | Became a worshipper of Yredelemnul the Dark
   771 | D:2      | Reached * piety under Yredelemnul
   792 | D:2      | Reached skill level 4 in Armour
   920 | D:2      | Reached ** piety under Yredelemnul
   920 | D:2      | Reached XP level 3. HP: 31/33 MP: 3/3
  1354 | D:3      | Found a snail-covered altar of Cheibriados.
  1516 | D:3      | Noticed Jessica
  1520 | D:3      | Killed Jessica
  1521 | D:3      | Reached XP level 4. HP: 32/40 MP: 4/4
  1969 | D:3      | Noticed Grinder
  1975 | D:3      | Paralysed by Grinder for 5 turns
  1980 | D:3      | Killed Grinder
  1981 | D:3      | Reached skill level 5 in Armour
  1981 | D:3      | Reached XP level 5. HP: 32/49 MP: 5/5
  1981 | D:3      | Reached XP level 6. HP: 36/55 MP: 6/6
  2523 | D:4      | Found a sacrificial altar of Ru.
  2562 | D:4      | Found a staircase to the Ecumenical Temple.
  3119 | D:4      | Noticed a water moccasin
  3136 | D:4      | Killed a water moccasin
  3137 | D:4      | Reached skill level 5 in Shields
  3364 | D:5      | Entered Level 5 of the Dungeon
  3429 | D:5      | Reached XP level 7. HP: 26/64 MP: 7/7
  4005 | D:5      | Reached skill level 1 in Invocations
  4087 | D:5      | Found a basalt altar of Yredelemnul.
  4432 | D:5      | Reached skill level 6 in Armour
  5370 | D:6      | HP: 2/96 [iguana (8)]
  5371 | D:6      | Slain by an iguana

Illustrated notes

Levels and vault maps discovered:
D:1:      giann_wishing_wells, layout_loops_ring
D:2:      layout_basic, chequers_ecumenical_altar_island, amethyst_killhole,
          st_stairs_5
D:3:      layout_basic, slow_altar_1, uniq_jessica, uniq_grinder
D:4:      layout_loops_ring, hangedman_ru_absence, minmay_temple_entry_trees,
          chequers_serial_rivers_room_a, minmay_crystal_water
D:5:      layout_loops_ring, mainiacjoe_overflow_24_doors
D:6:      layout_loops_ring, nicolae_overflow_hallway_of_the_gods, st_stairs_10,
          nicolae_twisty_statue_hallways

Skill      XL: |  1  2  3  4  5  6  7 |
---------------+----------------------+-----
Long Blades    | 2 3 4 |  4.3
Armour         | 4 5 6 |  6.4
Fighting       | 3 4 |  4.8
Shields        | 4 5 |  5.1
Invocations    | 2 |  2.1

Action                     |  1- 3 |  4- 6 |  7- 9 || total
---------------------------+-------+-------+-------++-------
  Melee: Long sword        |    83 |   110 |   119 ||   312
         Tailslap          |    10 |    14 |    15 ||    39
  Evoke: Wand              |       |     1 |       ||     1
    Use: Scroll            |       |     5 |     2 ||     7
         Potion            |       |       |     4 ||     4
   Stab: Distracted        |       |     1 |       ||     1
 Armour: Scale mail        |    57 |    88 |   106 ||   251
         Skin              |       |       |    13 ||    13
  Dodge: Dodged            |    28 |    42 |    42 ||   112
  Block: Buckler           |    17 |    15 |    19 ||    51

Table legend: (Time is in decaauts)
 A = Elapsed time spent in this place.
 B = Non-inter-level travel time spent in this place.
 C = Inter-level travel time spent in this place.
 D = Time resting spent in this place.
 E = Time spent auto-exploring this place.
 F = Levels seen in this place.
 G = Mean time per level.
                   A        B        C        D        E       F      G
               +--------+--------+--------+--------+--------+-----+--------+
         Total |   6341 |   6235 |    106 |   1314 |   4095 |   6 | 1056.8 |
       Dungeon |   6341 |   6235 |    106 |   1314 |   4095 |   6 | 1056.8 |
               +--------+--------+--------+--------+--------+-----+--------+

Top non-repeatable levels by time:
     D:5: 2143 daAuts
     D:4: 1462 daAuts
     D:3: 1227 daAuts
     D:2: 902 daAuts
     D:1: 589 daAuts
     D:6: 16 daAuts
